TOP OF THE 1ST |
Yellowknife Claws batting - Pitching for Elkins Sting Rays : RHP Don Anderson
|
Pitching: RHP Don Anderson
|
|
Batting: RHB Sergio Ortíz
|
0-0: Ball 1-0: Ball 2-0: Foul Ball, location: 2F 2-1: Ball 3-1: Foul Ball, location: 2F 3-2: Fly out, F9 (Flyball, 9)
|
Batting: RHB Preston Church
|
0-0: Called Strike 0-1: SINGLE (Line Drive, 8RS)
|
Batting: RHB Rubén Palma
|
0-0: Ball 1-0: Ball 2-0: Foul Ball, location: 2F 2-1: Foul Ball, location: 2F 2-2: Ball 3-2: Strikes out swinging
|
Batting: SHB Brock Owens
|
0-0: Ball 1-0: Ground out 1-3 (Groundball, 15S)
|
Top of the 1st over - 0 run(s), 1 hit(s), 0 error(s), 1 left on base; Yellowknife 0 - Elkins 0 |
BOTTOM OF THE 1ST |
Elkins Sting Rays batting - Pitching for Yellowknife Claws : RHP John Arnold
|
Pitching: RHP John Arnold
|
|
Batting: SHB Carlos González
|
0-0: Swinging Strike 0-1: Ball 1-1: Ball 2-1: Foul Ball, location: 2F 2-2: SINGLE (Flyball, 8RS)
|
Batting: LHB Freddy Torres
|
0-0: Called Strike 0-1: Ball 1-1: Ball 2-1: Ball 3-1: Foul Ball, location: 2F 3-2: DOUBLE (Flyball, 78M) Carlos González to third
|
Batting: RHB Ryan Nelson
|
0-0: Called Strike 0-1: Ball 1-1: Hit by Pitch
|
Batting: RHB Bill Andrews
|
0-0: Ball 1-0: Foul Ball, location: 2F 1-1: Foul Ball, location: 2F 1-2: Strikes out swinging
|
Batting: LHB Ángel Flores
|
0-0: Ball 1-0: Swinging Strike 1-1: Ball 2-1: Ball 3-1: Base on Balls Carlos González scores Freddy Torres to third Ryan Nelson to second
|
Batting: SHB Ron Winston
|
0-0: Ball 1-0: Called Strike 1-1: Foul Ball, location: 2F 1-2: Ball 2-2: Foul Ball, location: 2F 2-2: Ball 3-2: Foul Ball, location: 2F 3-2: SINGLE (Flyball, 8LS) Freddy Torres scores Ryan Nelson to third Ángel Flores to second
|
Batting: RHB Armando Blanco
|
0-0: Called Strike 0-1: Swinging Strike 0-2: Ball 1-2: Fly out, F5 (Popup, 5S)
|
Batting: RHB Carson Allen
|
0-0: Called Strike 0-1: Ground out 4-3 (Groundball, 4M)
|
Bottom of the 1st over - 2 run(s), 3 hit(s), 0 error(s), 3 left on base; Yellowknife 0 - Elkins 2 |
TOP OF THE 2ND |
Yellowknife Claws batting - Pitching for Elkins Sting Rays : RHP Don Anderson
|
Batting: SHB Armondo Goro
|
0-0: Called Strike 0-1: SINGLE (Groundball, 34) (infield hit)
|
Batting: RHB Noah Sturges
|
0-0: Ball Armondo Goro is caught stealing 2nd base 1-0: Swinging Strike 1-1: Ball 2-1: Ball 3-1: Called Strike 3-2: Ground out 5-3 (Groundball, 56)
|
Batting: RHB Mario Díaz
|
0-0: Ground out 6-3 (Groundball, 6)
|
Top of the 2nd over - 0 run(s), 1 hit(s), 0 error(s), 0 left on base; Yellowknife 0 - Elkins 2 |
BOTTOM OF THE 2ND |
Elkins Sting Rays batting - Pitching for Yellowknife Claws : RHP John Arnold
|
Batting: RHB Pedro Betancourt
|
0-0: Ball 1-0: Called Strike 1-1: Swinging Strike 1-2: Strikes out swinging
|
Batting: SHB Carlos González
|
0-0: Ball 1-0: Ball 2-0: Ball 3-0: Base on Balls
|
Batting: LHB Freddy Torres
|
0-0: SINGLE (Groundball, 56D) Carlos González to second
|
Batting: RHB Ryan Nelson
|
0-0: Ball 1-0: Swinging Strike 1-1: Ball 2-1: Ball 3-1: Base on Balls Carlos González to third Freddy Torres to second
|
Batting: RHB Bill Andrews
|
0-0: Called Strike 0-1: Ball 1-1: Fly out, F8 (Flyball, 8RM) Runner from 3rd tags up, SCORES, no throw
|
Batting: LHB Ángel Flores
|
0-0: Called Strike 0-1: Called Strike 0-2: Foul Ball, location: 2F 0-2: SINGLE (Line Drive, 56D) Freddy Torres to third Ryan Nelson to second Runner from 3rd tries for Home, SAFE, no throw
|
Batting: SHB Ron Winston
|
0-0: Ball 1-0: SINGLE (Line Drive, 56) Ryan Nelson to third Ángel Flores to second
|
Batting: RHB Armando Blanco
|
0-0: Ball 1-0: Foul Ball, location: 2F 1-1: Foul Ball, location: 2F 1-2: Fly out, F8 (Flyball, 8RD)
|
Bottom of the 2nd over - 2 run(s), 3 hit(s), 0 error(s), 3 left on base; Yellowknife 0 - Elkins 4 |
TOP OF THE 3RD |
Yellowknife Claws batting - Pitching for Elkins Sting Rays : RHP Don Anderson
|
Batting: RHB Bob Bishop
|
0-0: Swinging Strike 0-1: Foul Ball, location: 2F 0-2: Foul Ball, location: 2F 0-2: Ground out 6-3 (Groundball, 4MD)
|
Batting: RHB Jeff Benson
|
0-0: Ball 1-0: Ball 2-0: Called Strike 2-1: Swinging Strike 2-2: Foul Ball, location: 2F 2-2: Ball 3-2: Reached on error, E4 (Groundball, 4)
|
Batting: RHB Sergio Ortíz
|
0-0: Foul Ball, location: 2F 0-1: Called Strike 0-2: Ball 1-2: Foul Ball, location: 2F 1-2: SINGLE (Line Drive, 9LS) Jeff Benson to second Runner from 2nd tries for 3rd, SAFE, throw made to third Sergio Ortíz to second
|
Batting: RHB Preston Church
|
0-0: Foul Ball, location: 2F 0-1: SINGLE (Flyball, 8RS) Jeff Benson scores Sergio Ortíz to third Runner from 3rd tries for Home, SAFE, no throw
|
Batting: RHB Rubén Palma
|
0-0: Called Strike 0-1: Fly out, F9 (Flyball, 9S)
|
Batting: SHB Brock Owens
|
0-0: SINGLE (Groundball, 4MD) Preston Church to second
|
Batting: SHB Armondo Goro
|
0-0: Ball 1-0: Called Strike 1-1: Fly out, F8 (Flyball, 8RS)
|
Top of the 3rd over - 2 run(s), 3 hit(s), 1 error(s), 2 left on base; Yellowknife 2 - Elkins 4 |
BOTTOM OF THE 3RD |
Elkins Sting Rays batting - Pitching for Yellowknife Claws : RHP John Arnold
|
Batting: RHB Carson Allen
|
0-0: Called Strike 0-1: Fly out, F7 (Flyball, 7LS)
|
Batting: RHB Pedro Betancourt
|
0-0: Ball 1-0: Ball 2-0: Ball 3-0: Called Strike 3-1: Called Strike 3-2: Fly out, F9 (Flyball, 9LMF)
|
Batting: SHB Carlos González
|
0-0: Ball 1-0: Foul Ball, location: 2F 1-1: Ball 2-1: Hit by Pitch
|
Pitching: RHP Juan Castro
|
|
Batting: LHB Freddy Torres
|
0-0: Fly out, F8 (Flyball, 8RM)
|
Bottom of the 3rd over - 0 run(s), 0 hit(s), 0 error(s), 1 left on base; Yellowknife 2 - Elkins 4 |
TOP OF THE 4TH |
Yellowknife Claws batting - Pitching for Elkins Sting Rays : RHP Don Anderson
|
Batting: RHB Noah Sturges
|
0-0: Called Strike 0-1: Foul Ball, location: 2F 0-2: Ball 1-2: SINGLE (Line Drive, 34)
|
Batting: RHB Mario Díaz
|
0-0: Ball 1-0: Ball Noah Sturges is caught stealing 2nd base 2-0: Ground out 5-3 (Groundball, 56)
|
Batting: RHB Bob Bishop
|
0-0: Foul Ball, location: 2F 0-1: Hit by Pitch
|
Batting: RHB Jeff Benson
|
0-0: Ball 1-0: Called Strike 1-1: Called Strike 1-2: Foul Ball, location: 2F 1-2: Foul Ball, location: 2F 1-2: Foul Ball, location: 2F 1-2: Ball 2-2: Foul Ball, location: 2F 2-2: Fly out, F8 (Flyball, 8RM)
|
Top of the 4th over - 0 run(s), 1 hit(s), 0 error(s), 1 left on base; Yellowknife 2 - Elkins 4 |
BOTTOM OF THE 4TH |
Elkins Sting Rays batting - Pitching for Yellowknife Claws : RHP Juan Castro
|
Batting: RHB Ryan Nelson
|
0-0: Ball 1-0: Ball 2-0: SINGLE (Line Drive, 8RS)
|
Batting: RHB Bill Andrews
|
0-0: Called Strike 0-1: DOUBLE (Flyball, 78XD) Ryan Nelson to third
|
Batting: LHB Ángel Flores
|
0-0: Ball 1-0: Ball 2-0: Called Strike 2-1: Ball 3-1: Base on Balls
|
Batting: SHB Ron Winston
|
0-0: Ball 1-0: Called Strike 1-1: Foul Ball, location: 2F 1-2: Strikes out swinging
|
Batting: RHB Armando Blanco
|
0-0: Ball 1-0: Ball 2-0: SINGLE (Groundball, 34D) Ryan Nelson scores Bill Andrews to third Ángel Flores to second Runner from 3rd tries for Home, throw and OUT! Ángel Flores to third Armando Blanco to second
|
Batting: RHB Carson Allen
|
0-0: Swinging Strike 0-1: Ball 1-1: Called Strike 1-2: DOUBLE (Groundball, 3L) Ángel Flores scores Armando Blanco scores
|
Batting: RHB Pedro Betancourt
|
0-0: SINGLE (Groundball, 4D) Carson Allen to third Runner from 3rd tries for Home, SAFE, throw made home Pedro Betancourt to second
|
Pitching: LHP Lopes Ambar
|
|
Batting: SHB Carlos González
|
0-0: Called Strike 0-1: Ball 1-1: Ball 2-1: Ball 3-1: Base on Balls
|
Batting: LHB Freddy Torres
|
0-0: Ball 1-0: Foul Ball, location: 2F 1-1: Ball 2-1: Foul Ball, location: 2F 2-2: SINGLE (Groundball, 34D) Pedro Betancourt to third Carlos González to second Runner from 3rd tries for Home, SAFE, no throw
|
Batting: RHB Ryan Nelson
|
0-0: Called Strike 0-1: Ball 1-1: Ball 2-1: Ball 3-1: SINGLE (Flyball, 78S) Carlos González to third Freddy Torres to second Runner from 3rd tries for Home, SAFE, no throw
|
Batting: RHB Bill Andrews
|
0-0: Called Strike 0-1: Ground out 3-1 (Groundball, 34)
|
Bottom of the 4th over - 6 run(s), 7 hit(s), 0 error(s), 2 left on base; Yellowknife 2 - Elkins 10 |
TOP OF THE 5TH |
Yellowknife Claws batting - Pitching for Elkins Sting Rays : RHP Don Anderson
|
Batting: RHB Sergio Ortíz
|
0-0: Foul Ball, location: 2F 0-1: Ball 1-1: Swinging Strike 1-2: Foul Ball, location: 2F 1-2: Ground out 4-3 (Groundball, 4)
|
Batting: RHB Preston Church
|
0-0: Ball 1-0: SINGLE (Line Drive, 9S)
|
Batting: RHB Rubén Palma
|
0-0: Ball 1-0: Fielders Choice at 2nd, 1-4 (Groundball, 15S)
|
Batting: SHB Brock Owens
|
0-0: Ball Wild Pitch! Rubén Palma to second 1-0: Called Strike 1-1: Called Strike 1-2: Ground out 6-3 (Groundball, 6)
|
Top of the 5th over - 0 run(s), 1 hit(s), 0 error(s), 1 left on base; Yellowknife 2 - Elkins 10 |
BOTTOM OF THE 5TH |
Elkins Sting Rays batting - Pitching for Yellowknife Claws : LHP Lopes Ambar
|
Batting: LHB Ángel Flores
|
0-0: Ball 1-0: Called Strike 1-1: Ball 2-1: Foul Ball, location: 2F 2-2: Fly out, F8 (Flyball, 8LM)
|
Batting: SHB Ron Winston
|
0-0: Called Strike 0-1: Called Strike 0-2: Fly out, F4 (Popup, 4)
|
Batting: RHB Armando Blanco
|
0-0: Ball 1-0: Called Strike 1-1: Ball 2-1: Ball 3-1: Ground out 5-3 (Groundball, 5S)
|
Bottom of the 5th over - 0 run(s), 0 hit(s), 0 error(s), 0 left on base; Yellowknife 2 - Elkins 10 |
TOP OF THE 6TH |
Yellowknife Claws batting - Pitching for Elkins Sting Rays : RHP Don Anderson
|
Batting: SHB Armondo Goro
|
0-0: Called Strike 0-1: Ball 1-1: Ground out 6-3 (Groundball, 6M)
|
Pitching: LHP Peter Turner
|
|
Batting: RHB Noah Sturges
|
0-0: Ball 1-0: Ball 2-0: Foul Ball, location: 2F 2-1: Swinging Strike 2-2: Strikes out looking
|
Batting: RHB Mario Díaz
|
0-0: Called Strike 0-1: Called Strike 0-2: Foul Ball, location: 2F 0-2: Ball 1-2: Strikes out looking
|
Top of the 6th over - 0 run(s), 0 hit(s), 0 error(s), 0 left on base; Yellowknife 2 - Elkins 10 |
BOTTOM OF THE 6TH |
Elkins Sting Rays batting - Pitching for Yellowknife Claws : LHP Lopes Ambar
|
Pitching: RHP Jorge González
|
|
Batting: RHB Carson Allen
|
0-0: Ball 1-0: Foul Ball, location: 2F 1-1: Ball 2-1: Foul Ball, location: 2F 2-2: Ball 3-2: Base on Balls
|
Batting: RHB Pedro Betancourt
|
0-0: Called Strike 0-1: Called Strike 0-2: Strikes out looking
|
Batting: SHB Carlos González
|
0-0: Foul Ball, location: 2F 0-1: Fly out, F8 (Line Drive, 8RD)
|
Batting: LHB Freddy Torres
|
0-0: Called Strike 0-1: Ground out 1-3 (Groundball, 15S)
|
Bottom of the 6th over - 0 run(s), 0 hit(s), 0 error(s), 1 left on base; Yellowknife 2 - Elkins 10 |
TOP OF THE 7TH |
Yellowknife Claws batting - Pitching for Elkins Sting Rays : LHP Peter Turner
|
Batting: RHB Bob Bishop
|
0-0: Ground out 5-3 (Groundball, 5L)
|
Batting: RHB Jeff Benson
|
0-0: Foul Ball, location: 2F 0-1: Swinging Strike 0-2: Ball 1-2: Ball 2-2: Ball 3-2: Foul Ball, location: 2F 3-2: Strikes out swinging
|
Batting: RHB Sergio Ortíz
|
0-0: Ball 1-0: Foul Ball, location: 2F 1-1: Ground out 6-3 (Groundball, 6S)
|
Top of the 7th over - 0 run(s), 0 hit(s), 0 error(s), 0 left on base; Yellowknife 2 - Elkins 10 |
BOTTOM OF THE 7TH |
Elkins Sting Rays batting - Pitching for Yellowknife Claws : RHP Jorge González
|
Batting: RHB Ryan Nelson
|
0-0: Ball 1-0: Swinging Strike 1-1: Swinging Strike 1-2: Ball 2-2: Fly out, F8 (Flyball, 8RD)
|
Batting: RHB Bill Andrews
|
0-0: Called Strike 0-1: Ground out 1-3 (Groundball, P)
|
Batting: LHB Ángel Flores
|
0-0: Called Strike 0-1: Foul Ball, location: 2F 0-2: Foul Ball, location: 2F 0-2: Ball 1-2: Ground out 5-3 (Groundball, 56S)
|
Bottom of the 7th over - 0 run(s), 0 hit(s), 0 error(s), 0 left on base; Yellowknife 2 - Elkins 10 |
TOP OF THE 8TH |
Yellowknife Claws batting - Pitching for Elkins Sting Rays : LHP Peter Turner
|
Batting: RHB Preston Church
|
0-0: DOUBLE (Line Drive, 89D)
|
Batting: RHB Rubén Palma
|
0-0: SINGLE (Groundball, 3D) Preston Church to third
|
Batting: SHB Brock Owens
|
0-0: Ball 1-0: Called Strike 1-1: Ball 2-1: SINGLE (Line Drive, 9LS) Preston Church scores Rubén Palma to second
|
Batting: SHB Armondo Goro
|
0-0: Ball 1-0: SINGLE (Line Drive, 6MD) Rubén Palma to third Brock Owens to second Runner from 3rd tries for Home, SAFE, no throw
|
Batting: RHB Noah Sturges
|
0-0: Swinging Strike 0-1: Ball 1-1: Called Strike 1-2: Fielders Choice at 2nd, 5-4 (Groundball, 56) Brock Owens to third
|
Batting: RHB Mario Díaz
|
0-0: Foul Ball, location: 2F 0-1: Ball 1-1: Grounds into double play, 6-4-3 (Groundball, 6MD)
|
Top of the 8th over - 2 run(s), 4 hit(s), 0 error(s), 1 left on base; Yellowknife 4 - Elkins 10 |
BOTTOM OF THE 8TH |
Elkins Sting Rays batting - Pitching for Yellowknife Claws : RHP Jorge González
|
Batting: SHB Ron Winston
|
0-0: Foul Ball, location: 2F 0-1: DOUBLE (Line Drive, 7LM)
|
Batting: RHB Armando Blanco
|
0-0: Called Strike 0-1: Ball 1-1: Ball 2-1: Ball 3-1: Base on Balls
|
Batting: RHB Carson Allen
|
0-0: Fly out, F8 (Flyball, 8RD)
|
Batting: RHB Pedro Betancourt
|
0-0: Foul Ball, location: 2F 0-1: Ball 1-1: Swinging Strike 1-2: Ball 2-2: Foul Ball, location: 2F 2-2: Strikes out swinging
|
Batting: SHB Carlos González
|
0-0: Foul Ball, location: 2F 0-1: Ball 1-1: Fly out, F8 (Line Drive, 8RXD)
|
Bottom of the 8th over - 0 run(s), 1 hit(s), 0 error(s), 2 left on base; Yellowknife 4 - Elkins 10 |
TOP OF THE 9TH |
Yellowknife Claws batting - Pitching for Elkins Sting Rays : LHP Peter Turner
|
Batting: RHB Bob Bishop
|
0-0: Called Strike 0-1: Foul Ball, location: 2F 0-2: Ball 1-2: Foul Ball, location: 2F 1-2: Ball 2-2: Ground out 6-3 (Groundball, 6)
|
Batting: RHB Jeff Benson
|
0-0: Called Strike 0-1: Ground out 4-3 (Groundball, 4D)
|
Batting: RHB Sergio Ortíz
|
0-0: Ball 1-0: Ball 2-0: Ball 3-0: Called Strike 3-1: Base on Balls
|
Batting: RHB Preston Church
|
0-0: Called Strike 0-1: Ball 1-1: Fly out, F9 (Flyball, 9LSF)
|
Top of the 9th over - 0 run(s), 0 hit(s), 0 error(s), 1 left on base; Yellowknife 4 - Elkins 10 |
|